[Event "*** SCC Grand Prix: Titled Tuesday Blitz"]
[Site "Chess.com"]
[Date "2020.09.29"]
[Round "8"]
[White "The_Machine04"]
[Black "Shuvalov"]
[Result "1/2-1/2"]
[WhiteElo "2285"]
[BlackElo "2416"]
[TimeControl "180+1"]
[EndTime "11:34:18 PDT"]
[Termination "Game drawn - insufficient material"]

1. d4 d5 2. Bf4 c5 3. e3 Nc6 4.
c3 Nf6 5. Nf3 Qb6 6. Qb3 c4 7. Qc2 Bf5 8. Qc1 e6 9. Nbd2 h6 10. b3 cxb3 11. axb3 Rc8 12. Qb2 Qd8 13. Be2 Bd6 14. Bxd6 Qxd6 15. O-O O-O 16. c4 a6 17. c5 Qe7 18. b4 Ne4 19. Nxe4 dxe4 20. Nd2 Rfd8 21. Nc4 e5 22. Nd6 Rxd6 23. cxd6 Qxd6 24. dxe5 Nxe5 25. Rfd1 Qf6 26. Qd4 Re8 27. Rac1 Qg5 28. Kf1 Qh4 29. h3 g5 30. Rc5 f6 31. Rc7 g4 32. Qd5+ Kh8 33. Ke1 gxh3 34. gxh3 Qxh3 35. Bf1 Qh5 36. Be2 Bg4 37. Bxg4 Qxg4 38. Kd2 Rc8 39. Rxc8+ Qxc8 40. Rc1 Nf3+ 41. Kd1 Qb8 42. Qxe4 Ne5 43. Ke2 Qg8 44. Rd1 h5 45. Qd5 Qg4+ 46. Kd2 Nc4+ 47. Kc3 Ne5 48. Qd8+ Kg7 49. Qc7+ Kh6 50. Qc5 h4 51.
Qf8+ Kg6 52. Qg8+ Kf5 53. Qxg4+ Kxg4 54. f4 Nf3 55. Kd3 h3 56. Ke4 h2 57. Rh1 f5+ 58. Kd5 Kg3 59. Ke6 Nh4 60. Ke5 Kg2 61. Rxh2+ Kxh2 62. e4 fxe4 63. Kxe4 Kg3 64. f5 Kg4 65. f6 Ng6 66. f7 Kg5 67. Kd5 Kf6 68. Kc5 b5 69. Kb6 Kxf7 70. Kxa6 Ne5 71. Kxb5 Nd3 72. Kc4 Nxb4 1/2-1/2

[Event "*** SCC Grand Prix: Titled Tuesday Blitz"]
[Site "Chess.com"]
[Date "2020.09.29"]
[Round "8"]
[White "GM_Levan_Pantsulaia"]
[Black "fighter2jz"]
[Result "1-0"]
[WhiteElo "2844"]
[BlackElo "2646"]
[TimeControl "180+1"]
[EndTime "11:34:19 PDT"]
[Termination "GM_Levan_Pantsulaia won by resignation"]

1. Nf3 Nf6 2. g3 g6 3. b3 Bg7 4. Bb2 b6 5. Bg2 Bb7 6. O-O O-O 7. d4 e6 8. c4 d5 9. cxd5 exd5 10.
Nc3 Nbd7 11. Rc1 a6 12. e3 Re8 13. Re1 Rc8 14. Ne2 c5 15. dxc5 bxc5 16. Nf4 Qa5 17. a3 Qb6 18. Qc2 a5 19. Red1 c4 20. bxc4 Rxc4 21. Qb1 Qc7 22. Nd2 Rxc1 23. Rxc1 Qb8 24. Nb3 a4 25. Nd4 Ne5 26. Bc3 Nc4 27. Bb4 Rc8 28.
Nb5 Ne4 29. Nd4 Ncd2 30. Rxc8+ Qxc8 31. Qd1 Bxd4 32. exd4 Nb3 33. Bf1 Qf5 34. Qd3 g5 35.
Nh3 Bc8 36. f3 Nd6 37. Bxd6 Qxd3 38. Bxd3 Bxh3 39. Be5 Be6 40. Bb5 Nd2 41. Bxa4 Nxf3+ 42. Kg2 Ne1+ 43. Kf2 Nd3+ 44. Ke3 Nb2 45. Bb5 Nc4+ 46. Bxc4 dxc4 47. Bf6 Bd5 48. Bxg5 Kg7 49. a4 f6 50. Bh4 Kf7 51. a5 Ke6 52. a6 Kf5 53. a7 Ke6 54. g4 f5 55. g5 Be4 56. Be1 Kd7 57. h4 Ke6 58. h5 Kf7 59. Kf4 Ke6 60. Bb4 Kf7 61.
Ke5 Kg7 62. Bd2 Kf7 63. d5 1-0

[Event "*** SCC Grand Prix: Titled Tuesday Blitz"]
[Site "Chess.com"]
[Date "2020.09.29"]
[Round "8"]
[White "Justinz"]
[Black "Sacbutt"]
[Result "1-0"]
[WhiteElo "2421"]
[BlackElo "2276"]
[TimeControl "180+1"]
[EndTime "11:34:21 PDT"]
[Termination "Justinz won on time"]

1. e4 d5 2. exd5 Qxd5 3. Nc3 Qd6 4. Bc4 Nf6 5. d3 Bg4 6. Nge2 e5 7. h3 Bh5 8. O-O Nc6 9. Bg5 Be7 10. Qd2 O-O 11. Ng3 Bg6 12. Rfe1 Rfe8 13. a4 a6 14. a5 h6 15. Bxf6 Bxf6 16. Nce4 Qe7 17. c3 Rad8 18.
Qc2 Bh4 19. Qb3 Bxg3 20. Nxg3 Rb8 21. d4 Qf6 22. d5 Ne7 23. Rad1 Nf5 24. Ne4 Qe7 25.
Bf1 b5 26. axb6 Rxb6 27. Qa2 Reb8 28. b4 Nd6 29. Nc5 Nb5 30. Qa1 a5 31. c4 axb4 32. Na6 Nc3 33. Nxb8 Rxb8 34. Rc1 f6 35. Qa5 Qd8 36.
Qc5 Qd6 37. Qe3 c6 38. dxc6 Qxc6 39. Bd3 Bxd3 40. Qxd3 Rc8 41. Re3 Qxc4 42. Qxc4+ Rxc4 43. Kf1 Kf7 44. Ke1 Ke6 45. Rc2 f5 46. f3 g5 47.
Kd2 e4 48. fxe4 Nxe4+ 49. Kc1 Rxc2+ 50. Kxc2 Kd5 51. Kb3 f4 52. Rd3+ Ke5 53. Kxb4 h5 54. Kc4 g4 55. Rd8 gxh3 56. gxh3 f3 57. Kd3 Ng3 58.
Ke3 Nf5+ 59. Kxf3 Nh4+ 60. Kf2 Nf5 61. Rh8 h4 62. Kf3 Kf6 63. Kg4 Kg6 64. Rg8+ Kf7 65. Rg5 Ne3+ 66. Kxh4 Kf6 67. Ra5 Nf5+ 68. Kg4 Nh6+ 69.
Kf4 Nf7 70. Ra6+ Kg7 71. h4 Nh6 72. h5 Ng8 73. Kg5 Kh7 74. Ra7+ Kh8 75. h6 1-0

[Event "*** SCC Grand Prix: Titled Tuesday Blitz"]
[Site "Chess.com"]
[Date "2020.09.29"]
[Round "8"]
[White "HanSchut"]
[Black "MikeSailer"]
[Result "0-1"]
[WhiteElo "2206"]
[BlackElo "2086"]
[TimeControl "180+1"]
[EndTime "11:34:21 PDT"]
[Termination "MikeSailer won by resignation"]

1. e4 d5 2. exd5 Qxd5 3. Nc3 Qd6 4. d4 Nf6 5. Nf3 c6 6. Bc4 Bg4 7. h3 Bh5 8. g4 Bg6 9. Ne5 e6 10. Bf4 Qb4 11. Bb3 Nd5 12. Bd2 Nxc3 13. bxc3 Qb6 14. Qe2 Bd6 15. Nxg6 hxg6 16. Bxe6 O-O 17. Bb3 Nd7 18. O-O Rae8 19. Qf3 Nf6 20. Rae1 Bb8 21.
g5 Qc7 22. Qg3 Qxg3+ 23. fxg3 Ne4 24. Bf4 Bxf4 25. gxf4 Nxc3 26. Rxe8 Rxe8 27. f5 gxf5 28. g6 Ne2+ 29. Kh2 Kf8 30. gxf7 Re7 31. Rxf5 Nxd4 32. Rh5 Nxb3 33. axb3 Kxf7 34. Ra5 a6 35. Rg5 Re2+ 36. Kg3 Rxc2 37. Rf5+ Ke6 38. Rf3 Rc5 39. Kg4 Rd5 40. h4 Kd6 41. Rf7 Rd4+ 42. Kg5 Rd5+ 43. Kg6 b5 44.
Rxg7 Rd3 45. Ra7 Rxb3 46. h5 Kc5 47. Rxa6 Rh3 48. h6 b4 49. Ra7 Kc4 50. Rf7 c5 51. Rf4+ Kb5 52. Rf5 Kc4 53. Rh5 Rg3+ 54. Kf7 Rf3+ 55. Ke7 Re3+ 56. Kf7 Rf3+ 57. Kg7 Rg3+ 58.
Kh7 b3 59. Rh2 Kb4 60. Kh8 c4 61. h7 c3 62. Rh6 Ka3 63. Ra6+ Kb2 64. Ra7 c2 65.
Rg7 Rh3 66. Rc7 c1=Q 67. Rxc1 Kxc1 68. Kg8 Rxh7 69. Kxh7 b2 0-1

[Event "*** SCC Grand Prix: Titled Tuesday Blitz"]
[Site "Chess.com"]
[Date "2020.09.29"]
[Round "8"]
[White "Savagelittlemole"]
[Black "francyIM"]
[Result "1-0"]
[WhiteElo "2635"]
[BlackElo "2748"]
[TimeControl "180+1"]
[EndTime "11:34:22 PDT"]
[Termination "Savagelittlemole won by resignation"]

1. e4 e5 2. Nf3 Nc6 3. Bb5 a6 4. Ba4 Nf6 5. O-O b5 6. Bb3 Bc5 7. Re1 d6 8. h3 O-O 9. c3 Bb6 10. d4 h6 11. Be3 Bb7 12. Nbd2 Re8 13. d5 Ne7 14. Bxb6 cxb6 15. Nf1 Ng6 16. Ng3 Rf8 17. a4 bxa4 18. Bxa4 b5 19. Bc2 Bc8 20. Bd3 Bd7 21. c4 Nf4 22. c5 dxc5 23. Nxe5 Qc7 24. Nxd7 Nxd7 25. e5 Nxd3 26. Qxd3 Nxe5 27. Qe4 Nc4 28.
Nf5 Qd8 29. b3 Nd6 30. Ne7+ Kh8 31. Qf3 Qd7 32. Nc6 c4 33. bxc4 bxc4 34. Re7 Qf5 35.
Qxf5 Nxf5 36. Rc7 Nd6 37. Ne5 Kg8 38. Nxc4 Nb5 39. Rc6 Rfd8 40. d6 a5 41. d7 Rxd7 42. Nb6 Rad8 43. Nxd7 Rxd7 44. Rxa5 Nd4 45. Rcc5 Rb7 46.
Rd5 Ne6 47. Kh2 Kh7 48. Rf5 f6 49. Rab5 Rf7 50. Ra5 Nd4 51. Rf4 Ne6 52. Rff5 Rc7 53. Rf3 Rc2 54. Ra7 Kg6 55. Rg3+ Kh7 56. f4 Rc5 57. Re7 Rc6 58. f5 Ng5 59. h4 Rc5 60. hxg5 hxg5 61. Rh3+ Kg8 62. Rd3 Rxf5 63. Rdd7 Kf8 64.
Rxg7 Ke8 65. Rdf7 Rf4 66. Ra7 Rh4+ 67. Kg1 Kf8 68. Rgf7+ Kg8 69. Rfb7 1-0

[Event "*** SCC Grand Prix: Titled Tuesday Blitz"]
[Site "Chess.com"]
[Date "2020.09.29"]
[Round "8"]
[White "Kira170"]
[Black "Herracek"]
[Result "0-1"]
[WhiteElo "2775"]
[BlackElo "2643"]
[TimeControl "180+1"]
[EndTime "11:34:25 PDT"]
[Termination "Herracek won on time"]

1. d4 Nf6 2. Nc3 d5 3. Bf4 Bf5 4. f3 c5 5. e3 Nc6 6. g4 Bg6 7. h4 cxd4 8. exd4 Qb6 9. Nb5 e5 10. dxe5 Bc5 11. Qd2 Nb4 12. Rc1 Nxa2 13. h5 Ne4 14.
fxe4 Bxe4 15. Ra1 Nb4 16. Ra4 Nxc2+ 17. Kd1 Bxh1 18. Qxc2 O-O 19. Nh3 Bf3+ 20. Ke1 Rac8 21. Ng5 Bb4+ 22. Nc3 Be4 23. Nxe4 dxe4 24. Qxe4 Bxc3+ 25. bxc3 Rxc3 26. Bd3 g6 27. hxg6 hxg6 28. Bc4 Rc8 29.
e6 R3xc4 30. Rxc4 Qg1+ 31. Ke2 Qxg4+ 32. Kd3 Rxc4 33. Qxc4 Qxe6 34. Qxe6 fxe6 35. Bb8 a6 36. Bc7 g5 37. Ke4 Kf7 38. Ke5 b5 39. Ba5 Ke7 40. Bb4+ Kd7 41. Ba5 g4 42. Kf4 Kd6 43. Kxg4 Kd5 44.
Kf3 Kd4 45. Ke2 Kc4 46. Kd2 Kb3 47. Bc7 Kb4 48. Kc2 a5 49. Bd6+ Kc4 50. Bc7 a4 51. Kb2 b4 52. Bd6 b3 53. Bb8 Kd5 54. Ka3 e5 55. Ba7 e4 56. Be3 Kc4 57. Bc1 Kc3 58.
Bb2+ Kc2 59. Bd4 e3 60. Bxe3 b2 61. Kxa4 b1=Q 62. Bc5 Qb3+ 63. Ka5 Kc3 64. Ka6 Kc4 65. Bb6 Qb5+ 66. Kb7 Kd5 67. Kc7 Qc6+ 0-1

[Event "*** SCC Grand Prix: Titled Tuesday Blitz"]
[Site "Chess.com"]
[Date "2020.09.29"]
[Round "8"]
[White "Anton_Demchenko"]
[Black "Parhamov"]
[Result "1-0"]
[WhiteElo "2839"]
[BlackElo "2951"]
[TimeControl "180+1"]
[EndTime "11:34:26 PDT"]
[Termination "Anton_Demchenko won by resignation"]

1. e4 c5 2. Nf3 Nc6 3. Nc3 e5 4. Bc4 Be7 5. d3 d6 6. O-O Nf6 7. h3 O-O 8. a3 Be6 9. Ng5 Bxc4 10. dxc4 Nd4 11. Nf3 Nd7 12. Nd5 Nb6 13. Ne3 Qd7 14.
c3 Nxf3+ 15. Qxf3 Bg5 16. Nf5 Bxc1 17. Raxc1 Qe6 18. Rcd1 Rad8 19. b3 Qf6 20. Qg3 Rd7 21. Rd3 Rfd8 22. Rfd1 Nc8 23. a4 Ne7 24. Nxe7+ Qxe7 25.
Qe3 Qf6 26. Rd5 h5 27. a5 h4 28. b4 b6 29. a6 Kh7 30. b5 g5 31. Qe2 Kg6 32. R1d3 Kg7 33. Rf3 Qg6 34. Rf5 f6 35. Kf1 Kg8 36. Ke1 Rg7 37. Qg4 Kf7 38. Kd2 Ke7 39.
Kc2 Qf7 40. Kb3 Qe6 41. Qh5 Qf7 42. Qf3 Qe6 43. Qe2 Rdg8 44. Qg4 Rd8 45. Rd3 Rh7 46.
Rdf3 Rf8 47. Rxg5 fxg5 48. Qxe6+ Kxe6 49. Rxf8 Rg7 50. f3 Rf7 51. Rb8 Kf6 52. Kc2 Ke6 53. Kd3 Rh7 54. Ke3 Rf7 55. Kf2 Rh7 56. g3 Kf6 57. Kg2 Kf7 58. gxh4 gxh4 59. Rb7+ Kg8 60. f4 exf4 61. Kf3 Rf7 62. Rxf7 Kxf7 63. Kxf4 Ke6 64.
Kg4 Ke5 65. Kxh4 Kf4 66. Kh5 Kxe4 67. Kg5 Kd3 68. h4 Kxc3 69. h5 d5 70. cxd5 c4 71. d6 Kb3 72. d7 c3 73. d8=Q c2 74. Qd2 1-0

[Event "*** SCC Grand Prix: Titled Tuesday Blitz"]
[Site "Chess.com"]
[Date "2020.09.29"]
[Round "8"]
[White "RobertoJBM"]
[Black "valeriocarnicelli"]
[Result "1-0"]
[WhiteElo "2728"]
[BlackElo "2542"]
[TimeControl "180+1"]
[EndTime "11:34:26 PDT"]
[Termination "RobertoJBM won on time"]

1. d4 d5 2. c4 c6 3. Nf3 Nf6 4.
Nc3 dxc4 5. a4 Bf5 6. Ne5 Nbd7 7. Nxc4 Qc7 8. g3 e5 9. dxe5 Nxe5 10. Bf4 Nfd7 11.
Bg2 f6 12. O-O Be6 13. Nxe5 Nxe5 14. Qc2 a6 15. Ne4 Be7 16. Nc5 Bd5 17. Rfd1 Bxg2 18.
Kxg2 Bxc5 19. Qxc5 Qe7 20. Qxe7+ Kxe7 21. Bxe5 fxe5 22.
Kf3 Rad8 23. Ke4 Ke6 24. f4 Rd5 25. Rac1 Rhd8 26. Rxd5 Rxd5 27. e3 exf4 28. gxf4 Rd2 29. b4 Rxh2 30. b5 axb5 31. axb5 Kd6 32. Rd1+ Ke6 33. bxc6 bxc6 34. Rc1 Kd6 35. Rd1+ Ke7 36. Rc1 Rh6 37. Kf5 Rf6+ 38. Kg4 Re6 39. Kf3 g6 40. e4 Kd7 41. e5 Re8 42. Ke4 Ra8 43.
Rd1+ Ke7 44. Rd4 c5 45. Rd6 Ra4+ 46. Kf3 c4 47. Rc6 Kd7 48. Rc5 Ke6 49. Kg4 h6 50.
Rc6+ Kf7 51. Rc7+ Ke6 52. Rc6+ Kd5 53. Rd6+ Kc5 54. Rxg6 c3 55. Rxh6 c2 56. Rh1 Rc4 57. Rc1 Kd5 58. Kf5 Rc3 59. e6 Kd6 60. Kf6 Rc8 61. f5 Rf8+ 62. Kg6 Rc8 63. Kf7 Rc7+ 64. Kf6 Rc8 65. e7 Kd7 66. Kf7 Re8 67. f6 Rc8 68. Rxc2 1-0

[Event "*** SCC Grand Prix: Titled Tuesday Blitz"]
[Site "Chess.com"]
[Date "2020.09.29"]
[Round "8"]
[White "Andreikka"]
[Black "KingHarii"]
[Result "1/2-1/2"]
[WhiteElo "2854"]
[BlackElo "2722"]
[TimeControl "180+1"]
[EndTime "11:34:27 PDT"]
[Termination "Game drawn by repetition"]

1. c4 Nf6 2. Nc3 g6 3. e4 d6 4. d4 Bg7 5. Nf3 O-O 6. Be2 e5 7. O-O Nc6 8. d5 Ne7 9. b4 a5 10. bxa5 Rxa5 11. a4 Nh5 12. Re1 h6 13. Nd2 Nf4 14.
Bf1 b6 15. Ba3 g5 16. Bb4 Ra8 17. Nb3 Neg6 18. a5 f5 19. axb6 Rxa1 20. Qxa1 cxb6 21. Nb5 Rf6 22. g3 fxe4 23. gxf4 gxf4 24. Nc3 Nh4 25. Nxe4 Rg6+ 26. Kh1 Nf3 27. Bg2 Rxg2 28. Kxg2 Qh4 29.
Kf1 Qh3+ 30. Ke2 Nxe1 31. Kxe1 Qxb3 32. Ba3 Qxc4 33. Nxd6 Qxd5 34. Qc3 Be6 35. Ne8 Qh1+ 36. Kd2 Qd5+ 37. Ke1 Qh1+ 38. Kd2 Qb7 39. Nxg7 Qd5+ 40. Ke1 Kxg7 41. Qc7+ Kg6 42. Qxb6 Qe4+ 43. Kd2 Qd5+ 44. Ke1 Kf5 45. Bb2 Qe4+ 46. Kd2 Bc4 47. Qc5 Qd3+ 48. Kc1 Qf1+ 49. Kd2 Qd3+ 50. Kc1 Bd5 51. Qf8+ Ke4 52. Qc5 Qf1+ 53. Kd2 Qd3+ 54. Kc1 Qe2 55. Bc3 Qf1+ 56. Kc2 Qd3+ 57. Kc1 Qc4 58. Qxc4+ Bxc4 59. Kd2 h5 60. Ke1 Kf5 61. f3 Bd5 62. Kf2 Bc6 63. Bb2 Bd7 64.
Bc3 h4 65. Bb2 h3 66. Bc3 Bc6 67. Bb2 e4 68. fxe4+ Kxe4 69. Bc3 Bd7 70. Bb2 Bg4 71. Ba1 Bf5 72. Bb2 Bg4 73. Bc1 Bf5 74. Bd2 f3 75. Bg5 Be6 76. Bh4 Bd7 77. Bg3 Bc8 78. Bh4 Bd7 79.
Bg3 Bc8 80. Bh4 Bd7 1/2-1/2

[Event "*** SCC Grand Prix: Titled Tuesday Blitz"]
[Site "Chess.com"]
[Date "2020.09.29"]
[Round "8"]
[White "AntonovaNadezhda"]
[Black "nitpicker"]
[Result "0-1"]
[WhiteElo "2050"]
[BlackElo "2231"]
[TimeControl "180+1"]
[EndTime "11:34:29 PDT"]
[Termination "nitpicker won by checkmate"]

1. d4 Nf6 2. Nf3 b6 3. Nbd2 Bb7 4. e3 e6 5. Bd3 c5 6. c3 cxd4 7. exd4 Be7 8. O-O O-O 9. Re1 d6 10. Qe2 Nbd7 11. Ne4 a6 12. h3 Re8 13. Bf4 Qc7 14. Rad1 Bf8 15. Bh2 g6 16. Nfg5 b5 17. a3 e5 18. Nxf6+ Nxf6 19. dxe5 Nd7 20. exd6 Bxd6 21. Bxd6 Qxd6 22. Qxe8+ Rxe8 23. Rxe8+ Kg7 24. Bc2 Bd5 25. Re2 Nb6 26. Red2 Qe5 27. h4 h6 28. Nh3 Be6 29. Rd3 Nc4 30. Rb1 Bf5 31. f4 Qc5+ 32.
Nf2 Bxd3 33. Bxd3 Qe3 34. Bxc4 bxc4 35. Kf1 Qxf4 36. Rd1 Qxh4 37. Rd4 Qg5 38. Rxc4 Qc1+ 39. Ke2 Qxb2+ 40. Kf3 Qxa3 41. Ne4 Qe7 42. Rd4 a5 43. c4 Qa7 44. c5 a4 45. Rc4 a3 46.
Nc3 a2 47. Nxa2 Qxa2 48. Rc3 Qd5+ 49. Ke3 Qxg2 50. c6 Qg3+ 51. Kd4 Qc7 52. Kd5 h5 53. Re3 h4 54. Kc5 g5 55. Rd3 g4 56. Rd7 Qa5+ 57.
Kd6 Qb6 58. Kd5 g3 59. c7 Qxc7 60. Rxc7 g2 61. Rc1 h3 62. Ke4 h2 63. Kf3 g1=Q 64.
Rxg1+ hxg1=Q 65. Kf4 Qg6 66. Kf3 f5 67. Kf4 Kf6 68.
Kf3 Qg4+ 69. Kf2 Ke5 70. Kf1 f4 71. Kf2 Ke4 72. Kf1 f3 73. Ke1 Qg2 74. Kd1 Kd3 75.
Kc1 Qc2# 0-1

[Event "*** SCC Grand Prix: Titled Tuesday Blitz"]
[Site "Chess.com"]
[Date "2020.09.29"]
[Round "8"]
[White "Tooweak2slow03"]
[Black "Goryachkina"]
[Result "0-1"]
[WhiteElo "2798"]
[BlackElo "2658"]
[TimeControl "180+1"]
[EndTime "11:34:30 PDT"]
[Termination "Goryachkina won by resignation"]

1. e4 e6 2. Nf3 d5 3. e5 c5 4.
b4 b6 5. bxc5 bxc5 6. c3 d4 7.
cxd4 cxd4 8. Qa4+ Bd7 9. Qxd4 Nc6 10.
Qf4 Nb4 11. Na3 Rc8 12. Be2 Nd5 13. Qg3 Nh6 14. Nb5 Nf5 15. Qg4 a6 16. Nbd4 h5 17. Qe4 Nxd4 18. Nxd4 Bc5 19. Nf5 O-O 20. Nxg7 Kxg7 21.
g4 h4 22. O-O Bc6 23. Bf3 Ne7 24. Qf4 Ng6 25. Qf6+ Qxf6 26. exf6+ Kxf6 27. Bxc6 Rxc6 28. Bb2+ Ke7 29. g5 Rfc8 30. Bf6+ Ke8 31. d4 Be7 32. f4 Bxf6 33. gxf6 Nf8 34. f5 Nd7 35. Rae1 Kf8 36.
a4 exf5 37. Rxf5 Rxf6 38. Rd5 Rg6+ 39. Kh1 Nf6 40. Rc5 Rxc5 41. dxc5 Nd7 42. Re4 Nxc5 43. Rxh4 Nd3 44. h3 Ke7 45. Rh5 Nf4 46. Re5+ Re6 47.
Rf5 Nd3 48. Kg2 Re5 49. Rf1 Nc5 50. h4 Nxa4 51. Kh3 Nc5 52. Kg4 Ne4 53. Kf4 Re6 54. Ra1 Nf6 55. Kg5 Re5+ 56. Kf4 Rh5 57. Rxa6 Rxh4+ 58.
Kg5 Rh5+ 59. Kf4 Rd5 60. Ke3 Rd6 61. Ra7+ Ke6 62. Kf4 Nd5+ 63. Kg4 f6 64. Ra8 Ke5 65. Rf8 Ne3+ 66. Kf3 Nf5 67. Re8+ Re6 68. Rc8 Nd4+ 69.
Kg4 f5+ 70. Kh5 Ke4 71. Ra8 f4 72. Kg5 f3 73. Ra2 Re8 74. Rb2 Rf8 75. Rb8 Rxb8 0-1

[Event "*** SCC Grand Prix: Titled Tuesday Blitz"]
[Site "Chess.com"]
[Date "2020.09.29"]
[Round "8"]
[White "aloe_normansen"]
[Black "MatyChess1"]
[Result "1/2-1/2"]
[WhiteElo "2359"]
[BlackElo "2490"]
[TimeControl "180+1"]
[EndTime "11:34:30 PDT"]
[Termination "Game drawn by repetition"]

1. e4 c5 2. Nf3 Nc6 3. d4 cxd4 4. Nxd4 g6 5. Nc3 Bg7 6. Be3 Nf6 7. Nxc6 bxc6 8. e5 Nd5 9. Nxd5 cxd5 10. Qxd5 Rb8 11.
Bc4 O-O 12. O-O Qc7 13. Qc5 Qxe5 14. Qxe5 Bxe5 15. Bxa7 Ra8 16. Bc5 d6 17. Bb4 Bxb2 18. Rab1 Bf6 19. Bd5 Ra4 20. a3 Bf5 21. Bb3 Raa8 22.
a4 Rfc8 23. Rbc1 Bb2 24. Rb1 Be5 25. Rbc1 Bf4 26. Rce1 Bxc2 27. Bxc2 Rxc2 28. Rxe7 Rxa4 29. Rb7 Be5 30. g3 Rb2 31. Rb8+ Kg7 32. Bxd6 Bxd6 33. Rxb2 Be5 34. Re2 Bf6 35. f4 h5 36. Kg2 Ra3 37.
Rf3 Ra1 38. h3 Bd4 39. Rf1 Ra3 40. Rd2 Be3 41. Rc2 Bd4 42. Rf3 Ra1 43. Rf1 Ra3 44. Rd2 Be3 45. Re2 Bd4 46. g4 h4 47. Kh2 Bc5 48. Rg2 Bd6 49. Rgf2 g5 50. Kg2 Rg3+ 51.
Kh2 Re3 52. Kg2 Rg3+ 53. Kh2 f6 54. Rf3 gxf4 55. Rxf4 Re3 56. Kg2 Bxf4 57. Rxf4 Rg3+ 58. Kh2 Kg6 59. Rf5 Re3 60. Rh5 Re2+ 61. Kg1 Re1+ 62.
Kf2 Ra1 63. Rxh4 Ra2+ 64. Kg3 Ra3+ 65. Kf2 Ra2+ 66. Kg3 Ra3+ 67. Kf2 Ra2+ 1/2-1/2

[Event "*** SCC Grand Prix: Titled Tuesday Blitz"]
[Site "Chess.com"]
[Date "2020.09.29"]
[Round "8"]
[White "BJthechessgod"]
[Black "Khnykin_Nikolay"]
[Result "1-0"]
[WhiteElo "2297"]
[BlackElo "2093"]
[TimeControl "180+1"]
[EndTime "11:34:33 PDT"]
[Termination "BJthechessgod won by checkmate"]

1. e4 e6 2. d4 d5 3. Nc3 Bb4 4.
e5 c5 5. a3 Bxc3+ 6. bxc3 Nc6 7.
Nf3 Nge7 8. a4 Nf5 9. Ba3 Qa5 10.
Bxc5 Qxc3+ 11. Ke2 b6 12. Ra3 Ncxd4+ 13. Nxd4 Nxd4+ 14.
Qxd4 Ba6+ 15. Kd1 Qxc5 16. Qxc5 bxc5 17. Bxa6 Rb8 18. Bb5+ Ke7 19. Kd2 Rhd8 20. Rc3 Rbc8 21. Rb1 d4 22. Rc4 Rd5 23. f4 g5 24. g3 h5 25. Ba6 Rc7 26. Rb7 Kd7 27. Bb5+ Kc8 28. Rxc7+ Kxc7 29. Be8 h4 30. Bxf7 Kd7 31. fxg5 hxg3 32.
hxg3 Rxe5 33. g6 Rg5 34. c3 Rxg3 35. cxd4 cxd4 36. Rxd4+ Ke7 37. Re4 Ra3 38. Rxe6+ Kf8 39.
Re8+ Kg7 40. Rg8+ Kf6 41. Be8 Ra2+ 42. Kc3 Rg2 43. Rf8+ Ke7 44. Rg8 a5 45. Kc4 Kf6 46. Bf7 Rg5 47. Ra8 Kg7 48. Ra7 Kh6 49. Ra6 Kg7 50. Rb6 Kf8 51. Rb5 Rg4+ 52. Kb3 Rg3+ 53. Kb2 Rg2+ 54. Kc3 Rg3+ 55. Kd2 Rg2+ 56. Ke3 Rg3+ 57.
Kf2 Rg4 58. Rxa5 Re4 59. Ra8+ Kg7 60. a5 Kf6 61. a6 Ra4 62. a7 Ra6 63. g7 Kxg7 64.
Rg8+ Kxf7 65. a8=Q Rxa8 66. Rxa8 Ke6 67. Ra6+ Ke5 68. Ke3 Kd5 69. Rb6 Kc5 70. Rh6 Kd5 71. Rh4 Ke6 72. Ke4 Kf6 73. Rg4 Ke6 74. Rg6+ Kf7 75.
Kf5 Ke7 76. Ra6 Kf7 77. Ra7+ Ke8 78. Ke6 Kd8 79. Rh7 Kc8 80. Kd6 Kb8 81. Kc6 Ka8 82.
Kb6 Kb8 83. Rh8# 1-0

[Event "*** SCC Grand Prix: Titled Tuesday Blitz"]
[Site "Chess.com"]
[Date "2020.09.29"]
[Round "8"]
[White "boasovietica"]
[Black "josorio78"]
[Result "1/2-1/2"]
[WhiteElo "2425"]
[BlackElo "2330"]
[TimeControl "180+1"]
[EndTime "11:34:38 PDT"]
[Termination "Game drawn by stalemate"]

1. e4 c5 2. Nf3 d6 3. d4 cxd4 4. Nxd4 Nf6 5. Nc3 a6 6. Be3 e5 7. Nf3 Be7 8. Nd2 h6 9. Nc4 Nc6 10. Nb6 Rb8 11. Nbd5 Be6 12. Bb6 Qd7 13. Nc7+ Kf8 14.
Nxe6+ fxe6 15. Qf3 g6 16. Bc4 Kg7 17. O-O Rbe8 18.
Rad1 Rhf8 19. Qh3 Bd8 20. Bc5 Bc7 21. Be3 g5 22. Rd2 b5 23. Bd3 Nd4 24. Ne2 Nxe2+ 25. Rxe2 Qf7 26. g3 Qh5 27. Qxh5 Nxh5 28. a4 bxa4 29.
Bxa6 Rb8 30. c3 Nf6 31. Bc4 d5 32. exd5 exd5 33. Ba2 Rfd8 34. Rd1 Kg6 35. Bc5 Kf5 36. Be7 Rd7 37. Bxf6 Kxf6 38. Bxd5 Rb5 39. c4 Rb4 40.
Rd3 Bb6 41. Rf3+ Kg6 42. Rxe5 Rxb2 43. Re6+ Kg7 44. Rff6 Bd4 45. Rxh6 Rxf2 46. Reg6+ Kf8 47. Rh8+ Ke7 48. Re6+ Kf7 49. Re4+ Rxd5 50. cxd5 Rf4+ 51. Rxd4 Rxd4 52. Ra8 Kf6 53. Kg2 Ke5 54. Ra5 g4 55.
h4 Rd2+ 56. Kf1 Ra2 57. h5 Rh2 58. Rxa4 Rxh5 59. Rxg4 Kxd5 60. Rf4 Ke5 61. Kf2 Rf5 62. Kf3 Rxf4+ 63. gxf4+ Kf5 64. Ke3 Kf6 65. Ke4 Ke6 66. Kf3 Kf5 67. Kg3 Kf6 68. Kg4 Kg6 69. f5+ Kf6 70.
Kf4 Kf7 71. Kg5 Kg7 72. f6+ Kf7 73. Kf5 Kf8 74. Ke4 Kf7 75. Ke5 Kf8 76. Kf4 Kf7 77.
Kg5 Kf8 78. Kg6 Kg8 79. Kf5 Kf7 80. Ke5 Kf8 81. Ke6 Ke8 82. f7+ Kf8 83. Kf6 1/2-1/2

[Event "*** SCC Grand Prix: Titled Tuesday Blitz"]
[Site "Chess.com"]
[Date "2020.09.29"]
[Round "8"]
[White "wonderfultime"]
[Black "Pultis"]
[Result "0-1"]
[WhiteElo "2910"]
[BlackElo "2769"]
[TimeControl "180+1"]
[EndTime "11:34:54 PDT"]
[Termination "Pultis won on time"]

1. d4 Nf6 2. Nf3 g6 3. Bg5 Bg7 4. Nbd2 d5 5. c3 O-O 6. e3 c6 7. Bd3 Nbd7 8. O-O Re8 9. e4 dxe4 10. Nxe4 Nxe4 11. Bxe4 Qb6 12. Qc2 e5 13. Rae1 h6 14. Be3 exd4 15. Bxd4 Bxd4 16. Nxd4 Nf8 17. Bd3 Bd7 18.
Bc4 Rxe1 19. Rxe1 Re8 20. Rd1 c5 21. Nb3 Be6 22. Qd3 Bxc4 23. Qxc4 Ne6 24. h3 Qc6 25. a4 b6 26. a5 g5 27. axb6 axb6 28. g3 Qf3 29.
Qd5 Qh5 30. Re1 Qxh3 31. Qc6 Re7 32. Nd2 Kg7 33. Nf3 Qf5 34. Kg2 Qf6 35. Qd5 Nf8 36. Rxe7 Qxe7 37. Qc6 Qf6 38. Qd5 Ng6 39. Nh2 h5 40. Nf3 Kh6 41. Nd2 g4 42. Ne4 Qe7 43. Qc6 Kg7 44. Nd2 Qf6 45. Qd5 Qe5 46. Qc6 Qe6 47. Qxe6 fxe6 48. Nc4 b5 49. Nd6 b4 50.
Ne4 bxc3 51. bxc3 c4 52. Kf1 Ne5 53. Ke2 Kg6 54. Ke3 Kf5 55. Nd6+ Kf6 56. Ke4 Nf3 57. Nxc4 Ng5+ 58. Kf4 Nh3+ 59. Ke3 Ng5 60. Nd6 Nf3 61. Ne4+ Ke5 62. c4 Nd4 63. Ng5 Nf5+ 64. Kd3 Ne7 65. Nf7+ Kf6 66. Nd6 Ke5 67. Nb7 Nc6 68. Nc5 Kd6 69.
Ne4+ Ke5 70. Nc3 Nb4+ 71. Ke3 Nc2+ 72. Kd2 Nb4 73. Ne2 Ke4 74. Kc3 Nd3 75. Nd4 e5 76.
Nb5 Nxf2 77. Nd6+ Kf3 78. c5 e4 79. Nc4 e3 80. Ne5+ Ke4 81. Ng6 Nd3 0-1

[Event "*** SCC Grand Prix: Titled Tuesday Blitz"]
[Site "Chess.com"]
[Date "2020.09.29"]
[Round "8"]
[White "bazar-wokzal"]
[Black "Jumbo"]
[Result "0-1"]
[WhiteElo "2488"]
[BlackElo "2713"]
[TimeControl "180+1"]
[EndTime "11:35:00 PDT"]
[Termination "Jumbo won by resignation"]

1. e4 e5 2. Bc4 Nf6 3. d3 d5 4.
exd5 Nxd5 5. Nf3 Nc6 6. O-O Nb6 7. Bb5 Bd6 8. Re1 f6 9. d4 O-O 10. Bxc6 bxc6 11. dxe5 fxe5 12. h3 Qf6 13. Nbd2 Nd5 14. Ne4 Qg6 15. Nh4 Qf7 16. Be3 h6 17. c4 Nxe3 18.
Rxe3 Qxc4 19. Qh5 Qf7 20. Qxf7+ Rxf7 21. Rd1 Be6 22. Nxd6 Rd7 23. Rxe5 Bxa2 24. Nhf5 Rad8 25. Ne7+ Kh7 26. Nxc6 Rxd6 27. Rxd6 Rxd6 28. Nxa7 Rd1+ 29.
Kh2 Rd2 30. Nb5 Rxb2 31. Nxc7 Rxf2 32. Nd5 Rd2 33. Nf4 Bb1 34. Re7 Bf5 35. Nh5 Kg6 36.
Nxg7 Bd7 37. Ne8 Kf5 38. Nc7 Bc6 39. Rg7 Kf6 40. Rg3 Ra2 41. Rg8 Ra7 42. Ne8+ Ke5 43.
Ng7 Ra2 44. Nh5 Bf3 45. Rg3 Bxh5 46. Rb3 Kf6 47. Rb5 Bf7 48. Kg3 Kg7 49. Rb6 Ra3+ 50. Kh4 Ra2 51. g4 Ra3 52. g5 Ra4+ 53. Kg3 hxg5 54.
Rb5 Kf6 55. Rb6+ Be6 56. Rc6 Ra3+ 57. Kg2 Ra4 58. Kg3 Rh4 59. Rc7 Rxh3+ 60. Kg2 Rh4 61. Kg3 Re4 62. Kf3 Re5 63. Kg3 Rf5 64. Ra7 Rf4 65. Kg2 Rc4 66. Kg3 Rc3+ 67. Kg2 Bd5+ 68.
Kf2 Ke5 69. Ra6 g4 70. Rg6 Kf5 71. Rg7 Be4 72. Ke2 Kf4 73. Rf7+ Bf5 74. Kd2 Rc2+ 75. Ke1 Ra2 76. Kf1 g3 77. Kg1 Kg4 78. Rg7+ Kf3 79. Ra7 Rxa7 0-1